Map: Ulrena

Players

Jhyrachy - Winner!

  • Race: Zerg Zerg

halts

  • Race: Protoss Protoss

VOD

Have the link to the VOD?

Description

Time

  • Played on: March 28, 2016, 1:23 p.m.
  • Length: 11:10
Show
View Real Time Build Order
Export as new Build Order

Jhyrachy Zerg - Winner!

Build Orders: Hatch First 

Get SALT Encoding   

  12  0:01  Drone  
  13  0:11  Drone  
  14  0:26  Overlord  
  14  0:30  Extractor  
  14  0:32  Extractor  
  14  0:33  Drone x2  
  16  0:46  Drone  
  17  0:57  Hatchery  
  16  1:07  Drone  
  17  1:14  Spawning Pool  
  16  1:23  Overlord  
  16  1:42  Extractor  
  16  1:45  Drone x3  
  18  2:08  Queen  
  20  2:15  Queen  
  22  2:17  Zergling x6  
  25  2:32  Overlord  
  25  2:33  Zergling x4  
  25  2:34  Zergling x2  
  26  3:21  Metabolic Boost  
  26  3:23  Zergling x18  
  31  3:56  Drone x3  
  31  3:57  Drone x3, Overlord x2  
  28  4:33  Roach Warren  
  27  4:39  Queen  
  27  4:43  Extractor  
  28  4:50  Zergling x2  
  29  4:55  Queen  
  31  5:09  Drone x3  
  31  5:10  Drone x4  
  38  5:24  Hatchery  
  36  6:01  Roach  
  36  6:02  Roach x11  
  60  6:04  Overlord  
  60  6:35  Ravager x7  
  59  7:03  Queen  
  58  7:19  Lair  
  58  7:28  Overlord x3  
  58  7:54  Extractor, Drone x2  
  58  7:55  Drone  
  60  7:59  Zergling x2  
  60  8:00  Zergling x30  
  60  8:01  Zergling x2  
  77  8:24  Roach  
  77  8:25  Roach  
  77  8:26  Overlord x2  
  77  8:27  Overlord x2  
  81  8:35  Drone  
  81  9:12  Zergling x2  
  81  9:13  Zergling x28  
  81  9:14  Zergling x14, Hydralisk Den  
  102  9:21  Ravager x6  
  108  9:56  Overlord x4  
  108  9:58  Drone  
  108  9:59  Drone x4  
Show
View Real Time Build Order
Export as new Build Order

halts Protoss 

Build Orders: 1 Gate Expand 

Get SALT Encoding   

  12  0:01  Probe (Chrono Boost)  
  13  0:11  Probe (Chrono Boost)  
  14  0:19  Pylon  
  14  0:23  Probe (Chrono Boost)  
  15  0:37  Probe (Chrono Boost)  
  15  0:39  Gateway  
  16  0:47  Assimilator, Probe (Chrono Boost)  
  17  0:58  Probe (Chrono Boost)  
  18  1:09  Probe (Chrono Boost)  
  19  1:25  Nexus  
  19  1:30  Probe (Chrono Boost)  
  20  1:40  Cybernetics Core  
  20  1:43  Probe (Chrono Boost)  
  21  1:49  Assimilator  
  21  1:54  Probe (Chrono Boost)  
  22  2:01  Gateway  
  22  2:04  Probe (Chrono Boost)  
  23  2:12  Pylon  
  23  2:20  Warp Gate (Chrono Boost)  
  25  2:30  Mothership Core (Chrono Boost)  
  25  2:35  Pylon  
  25  2:37  Probe (Chrono Boost)  
  25  2:41  Adept  
  28  2:48  Adept  
  30  3:03  Pylon  
  30  3:38  Probe (Chrono Boost)  
  30  3:39  Probe (Chrono Boost), Pylon  
  32  3:41  Pylon  
  32  3:42  Stalker  
  32  3:43  Stalker  
  37  3:48  Forge, Probe (Chrono Boost)  
  37  3:50  Probe (Chrono Boost)  
  38  3:57  Gateway  
  38  3:58  Probe (Chrono Boost)  
  39  4:03  Pylon  
  37  4:45  Photon Cannon  
  37  4:54  Pylon  
  37  4:56  Probe  
  37  4:57  Protoss Ground Weapons Level 1 (Chrono Boost)  
  37  4:58  Probe  
  37  4:59  Robotics Facility  
  39  5:01  Adept  
  39  5:04  Adept  
  39  5:05  Sentry  
  45  5:07  Probe  
  45  5:10  Probe  
  47  5:18  Photon Cannon  
  47  5:22  Probe  
  47  5:23  Photon Cannon  
  47  5:24  Probe  
  47  5:28  Stalker  
  51  5:33  Probe  
  52  5:41  Sentry  
  54  6:16  Stalker x3  
  60  6:20  Probe  
  60  6:21  Probe  
  60  6:24  Assimilator  
  62  6:27  Assimilator  
  62  6:30  Probe  
  62  6:32  Observer  
  64  6:33  Probe  
  64  6:35  Nexus  
  65  6:54  Immortal  
  67  7:07  Sentry x2  
  67  7:08  Stalker  
  71  7:11  Probe  
  72  7:15  Probe  
  72  7:19  Protoss Ground Armor Level 1 (Chrono Boost)  
  72  7:22  Probe  
  73  7:24  Twilight Council  
  73  7:28  Probe  
  75  7:32  Probe  
  75  7:33  Immortal, Gateway  
  80  7:38  Gateway  
  80  7:40  Probe, Gateway  
  81  7:45  Sentry, Stalker  
  81  7:48  Probe  
  86  7:57  Pylon  
  86  7:59  Probe  
  86  8:01  Pylon  
  86  8:03  Robotics Bay  
  86  8:04  Pylon  
  87  8:07  Pylon  
  87  8:10  Probe, Pylon  
  87  8:12  Sentry, Stalker  
  92  8:20  Probe  
  92  8:23  Assimilator  
  92  8:26  Assimilator  
  93  8:29  Pylon  
  93  8:30  Stalker  
  93  8:31  Probe  
  93  8:33  Immortal (Chrono Boost)  
  100  8:41  Probe  
  101  8:52  Probe  
  102  9:02  Probe  
  102  9:08  Disruptor (Chrono Boost)  
  106  9:13  Probe, Nexus  
  106  9:15  Pylon  
  107  9:17  Pylon  
  107  9:18  Stalker x2  
  107  9:23  Probe  
  111  9:28  Pylon  
  112  9:31  Probe  
  112  9:32  Probe  
  112  9:34  Probe  
  115  9:39  Disruptor (Chrono Boost)  
  115  9:43  Probe  
  115  9:44  Sentry, Probe x2  
  115  9:45  Sentry, Stalker  
  127  9:55  Probe  
  127  9:56  Probe x2  
  98  10:44  Stalker x3  
Tags
 
Add a new tag
Caveats
  • Supply blocks, unpowered buildings, or Contaminate may cause inaccurate times.
  • Supply counts are checked every 10 seconds.